 Dungeon Sprint DCSS version 0.14-a0-1686-g0e827d1 (webtiles) character file.

2109 LoliLover the Geomancer (level 9, -9/102 HPs)
             Began as a Deep Dwarf Earth Elementalist on Dec 30, 2013.
             Was the Champion of Makhleb.
             Mangled by a phantasmal warrior (23 damage)
             ... in the Dungeon (Sprint VII: "The Pits").
             The game lasted 00:13:01 (990 turns).

LoliLover the Geomancer (DDEE)                       Turns: 990, Time: 00:13:01

HP  -9/102       AC  9     Str 18      XL: 9   Next:  7%
MP   4/22        EV 16     Int 18      God: Makhleb [******]
Gold 0           SH  0     Dex 13      Spells:  3 memorised, 15 levels left

rFire  . . .     SeeInvis .     v - +1 dagger (venom)
rCold  . . .     Clarity  .     c - +0 robe
rNeg   . . .     Conserve .     (no shield)
rPois  .         rCorr    .     (no helmet)
rElec  .         rRot     .     y - +0 cloak
SustAb . .       Spirit   .     (no gloves)
rMut   .         Warding  .     (no boots)
Saprov . . .     NoTele   +     (no amulet)
                                x - +3 ring of protection
                                w - +3 ring of protection

@: non-regenerating, berserking, very slightly contaminated, hasted, very quick,
slightly resistant to hostile enchantments, extremely unstealthy
A: damage resistance, recharge devices, sense surroundings 2, slow healing 3
a: Device Recharging, Minor Destruction, Lesser Servant of Makhleb, Major
Destruction, Greater Servant of Makhleb, Renounce Religion


You were in the Dungeon.
You worshipped Makhleb.
Makhleb was exalted by your worship.
You were not hungry.

You visited 1 branch

Inventory:

Hand weapons
 l - a +2,+2 dagger
 v - a +1,+1 dagger of venom (weapon)
Missiles
 b - 30 stones (quivered)
Armour
 c - a +0 robe (worn)
 y - a +0 cloak (worn)
Magical devices
 a - a wand of heal wounds (0)
Comestibles
 f - 7 bread rations
 m - 40 strawberries
 n - 7 meat rations
Scrolls
 k - a scroll of blinking
 p - 2 scrolls of vulnerability
 q - 3 scrolls of remove curse
 r - 5 scrolls of amnesia
Jewellery
 w - a +3 ring of protection (left hand)
 x - a +3 ring of protection (right hand)
Potions
 e - 6 potions of curing
 h - 3 potions of speed
 i - 2 potions of magic
 j - 2 potions of berserk rage
 u - a potion of brilliance
 z - a potion of cure mutation
Books
 d - a book of Geomancy

   Spells                             Type                      Level
   *Sandblast                         Earth                        1
   *Stoneskin                         Transmutation/Earth          2
   Passwall                           Transmutation/Earth          3
   *Stone Arrow                       Conjuration/Earth            3
   Petrify                            Transmutation/Earth          4
   Lee's Rapid Deconstruction         Earth                        5
Magical staves
 t - an uncursed staff of energy


   Skills:
 + Level 7.0 Short Blades
 + Level 8.7 Dodging
 + Level 10.5 Stealth
 + Level 6.8 Spellcasting
 * Level 2.4 Conjurations
 - Level 0.8 Transmutations
 * Level 14.1 Earth Magic
 - Level 10.4 Evocations


You had 15 spell levels left.
You knew the following spells:

 Your Spells              Type           Power        Failure   Level  Hunger
a - Sandblast             Erth           ######       1%          1    None
b - Stone Arrow           Conj/Erth      #####.       1%          3    ##.....
c - Stoneskin             Trmt/Erth      ####......   1%          2    None


Dungeon Overview and Level Annotations

Branches:
Dungeon (1/1)

Altars:
Ashenzari
Cheibriados
Elyvilon
Fedhas
Kikubaaqudgha
Makhleb
Nemelex Xobeh
Okawaru
Sif Muna
Trog
Vehumet
Xom
Yredelemnul
Zin
the Shining One
Beogh
Jiyva
Lugonu


Innate Abilities, Weirdness & Mutations

You are resistant to damage.
You can recharge devices by infusing magical energy.
You passively map the area around you.
You do not heal naturally.


Message History

The phantasmal warrior closely misses you.
You puncture the centaur!
The centaur looks even sicker.
The centaur is severely wounded.
The centaur hits you!
* * * LOW HITPOINT WARNING * * *
You slash the centaur!
You kill the centaur!
Makhleb accepts your kill.
You feel a little better.
Your Short Blades skill increases to level 7!
The phantasmal warrior hits you!
* * * LOW HITPOINT WARNING * * *
You hit the phantasmal warrior.
The phantasmal warrior is moderately damaged.
You barely miss the phantasmal warrior.
The phantasmal warrior is moderately damaged.
You hit the phantasmal warrior but do no damage.
The phantasmal warrior is moderately damaged.
The phantasmal warrior hits you!
You die...

#####''###### * * ** *
...##''# * * ...##..# ,
,, , , *, ...##..#* ,,
, , * * ...##..####
,#+###### ,, ,
...##..#..#####.##...#*
*
...##..#....##...#...#,
,
...##..'.%...#...#...#
#####..'.....'..@).).+
,
#####..'.....#..W#...#
,
..[##..#....##...#...#,
, ,
.[[##..#..#####.##...#*
* .))##..#### #+######
, .))##..# , , ,,*
.))##..# , ,,, * ,
######## * *


You could see a phantasmal warrior.

Vanquished Creatures
  A deep troll (D)
  Pikel (D)
  A troll (D)
  An ugly thing (D)
  A deep elf fighter (D)
  3 sky beasts (D)
  A slave (D)
  A gargoyle (D)
  A centaur (D)
  A brain worm (D)
  A crimson imp (D)
  A worker ant (D)
  An adder (D)
  2 giant centipedes (D)
  2 lemures (D)
  3 giant mites (D)
  An adder skeleton (D)
  An orc (D)
  A hobgoblin (D)
  2 ball pythons (D)
  A bat (D)
  A giant cockroach (D)
  A goblin (D)
30 creatures vanquished.

Vanquished Creatures (others)
  2 small abominations (D)
2 creatures vanquished.

Grand Total: 32 creatures vanquished

Notes
Turn   | Place    | Note
--------------------------------------------------------------
     0 | D        | LoliLover, the Deep Dwarf Earth Elementalist, began the quest for the Orb.
     0 | D        | Reached XP level 1. HP: 15/15 MP: 2/2
    26 | D        | Found a basalt altar of Yredelemnul.
    26 | D        | Found a glowing golden altar of the Shining One.
    26 | D        | Found a deep blue altar of Sif Muna.
    26 | D        | Found a burning altar of Makhleb.
    26 | D        | Found an ancient bone altar of Kikubaaqudgha.
    26 | D        | Found a glowing silver altar of Zin.
    27 | D        | Found a bloodstained altar of Trog.
    27 | D        | Found a shattered altar of Ashenzari.
    27 | D        | Found a white marble altar of Elyvilon.
    27 | D        | Found a snail-covered altar of Cheibriados.
    27 | D        | Found a blossoming altar of Fedhas.
    27 | D        | Found a radiant altar of Vehumet.
    27 | D        | Found a shimmering altar of Xom.
    27 | D        | Found a sparkling altar of Nemelex Xobeh.
    27 | D        | Found a corrupted altar of Lugonu.
    27 | D        | Found a viscous altar of Jiyva.
    27 | D        | Found a roughly hewn altar of Beogh.
    27 | D        | Found an iron altar of Okawaru.
    30 | D        | Became a worshipper of Makhleb the Destroyer
    53 | D        | Noticed a worker ant
    62 | D        | Reached skill level 1 in Short Blades
    62 | D        | Reached skill level 1 in Evocations
    62 | D        | Reached XP level 2. HP: 22/22 MP: 0/4
   132 | D        | Killed a worker ant
   132 | D        | Reached skill level 6 in Earth Magic
   132 | D        | Reached XP level 3. HP: 8/28 MP: 0/6
   143 | D        | Learned a level 3 spell: Stone Arrow
   146 | D        | Learned a level 2 spell: Stoneskin
   191 | D        | Acquired Makhleb's first power
   200 | D        | Noticed a crimson imp
   204 | D        | Acquired Makhleb's second power
   211 | D        | Killed a crimson imp
   211 | D        | Reached XP level 4. HP: 36/36 MP: 0/9
   335 | D        | Noticed a sky beast
   347 | D        | Acquired Makhleb's third power
   347 | D        | Reached skill level 7 in Earth Magic
   367 | D        | Killed a sky beast
   367 | D        | Reached skill level 5 in Stealth
   367 | D        | Reached skill level 8 in Earth Magic
   367 | D        | Reached skill level 5 in Evocations
   367 | D        | Reached XP level 5. HP: 21/42 MP: 4/13
   447 | D        | Reached skill level 5 in Dodging
   448 | D        | Noticed a sky beast
   454 | D        | Killed a sky beast
   454 | D        | Acquired Makhleb's fourth power
   454 | D        | Reached skill level 9 in Earth Magic
   454 | D        | Reached XP level 6. HP: 22/49 MP: 8/15
   507 | D        | Noticed a sky beast
   530 | D        | Killed a sky beast
   530 | D        | Reached skill level 10 in Earth Magic
   598 | D        | Noticed a deep elf fighter
   600 | D        | Killed a deep elf fighter
   600 | D        | Reached skill level 5 in Spellcasting
   600 | D        | Reached skill level 11 in Earth Magic
   602 | D        | Noticed a brain worm
   602 | D        | Noticed Pikel
   602 | D        | Noticed a slave
   612 | D        | Killed Pikel
   612 | D        | Acquired Makhleb's fifth power
   612 | D        | Reached skill level 5 in Short Blades
   612 | D        | Reached skill level 12 in Earth Magic
   612 | D        | Reached XP level 7. HP: 38/55 MP: 17/19
   614 | D        | Killed a freed slave
   619 | D        | Killed a brain worm
   619 | D        | Reached XP level 8. HP: 52/62 MP: 18/21
   635 | D        | Noticed a purple ugly thing
   640 | D        | Killed a purple ugly thing
   803 | D        | Noticed a deep troll
   803 | D        | Noticed a gargoyle
   814 | D        | HP: 1/62 [deep troll (18)]
   832 | D        | HP: 1/62 [deep troll (5)]
   867 | D        | Killed a deep troll
   867 | D        | Reached skill level 10 in Stealth
   867 | D        | Reached skill level 13 in Earth Magic
   867 | D        | Reached skill level 10 in Evocations
   904 | D        | Killed a gargoyle
   952 | D        | Noticed a troll
   952 | D        | Noticed a centaur
   953 | D        | Noticed a phantasmal warrior
   972 | D        | Killed a troll
   972 | D        | Reached skill level 14 in Earth Magic
   972 | D        | Gained mutation: You passively map the area around you. [level up]
   972 | D        | Reached XP level 9. HP: 27/68 MP: 2/22
   987 | D        | Killed a centaur
   990 | D        | Mangled by a phantasmal warrior

Action                   |  1- 3 |  4- 6 |  7- 9 || total
-------------------------+-------+-------+-------++-------
Melee: Dagger            |    31 |    34 |    49 ||   114
 Cast: Sandblast         |    14 |    26 |     9 ||    49
       Stone Arrow       |       |       |    24 ||    24
       Stoneskin         |       |       |     1 ||     1
 Abil: Device Recharging |       |       |     1 ||     1
Evoke: Wand              |     1 |     3 |     5 ||     9
  Use: Potion            |       |     1 |    15 ||    16
       Scroll            |       |       |     1 ||     1
 Stab: Sleeping          |     2 |     2 |       ||     4
       Invisible         |       |     2 |     5 ||     7
